 Dungeon Crawl Stone Soup version 0.17-a0-1718-g72dbe4d (webtiles) character file.

117 kae the Firebug (level 5, -2/28 HPs)
             Began as a Tengu Fire Elementalist on Aug 24, 2015.
             Slain by a gnoll (5 damage)
             ... on level 3 of the Dungeon.
             The game lasted 00:04:01 (4012 turns).

kae the Firebug (Tengu Fire Elementalist)           Turns: 4012, Time: 00:04:01

Health: -2/28      AC:  2    Str:  9    XL:     5   Next: 1%
Magic:  7/9        EV: 12    Int: 16    God:
Gold:   200        SH:  0    Dex: 14    Spells: 3 memorised, 2 levels left

rFire  . . .     SeeInvis .     r - +2 flail (holy)
rCold  . . .     Clarity  .     a - +0 robe
rNeg   . . .     SustAt   .     (no shield)
rPois  .         Gourm    .     (helmet restricted)
rElec  .         Spirit   .     (no cloak)
rCorr  .         Warding  .     (no gloves)
rMut   .         Stasis   .     (boots unavailable)
MR     .....                    (no amulet)
Stlth  ++........               (no ring)
                                (no ring)

@: not resistant to hostile enchantments, unstealthy
A: beak, talons 3, able to fly 1
a: Fly


You were on level 3 of the Dungeon.
You were not hungry.

You visited 1 branch of the dungeon, and saw 4 of its levels.

You collected 200 gold pieces.

Inventory:

Hand weapons
 d - a +0 short sword
 r - a +2 flail of holy wrath (weapon)
Armour
 a - a +0 robe (worn)
Magical devices
 g - a wand of cold (10)
Scrolls
 e - a scroll of fear
 i - a scroll of fog
 k - a scroll of identify
 o - a scroll of immolation
 p - a scroll of remove curse
Potions
 n - a potion of heal wounds {unknown}
 q - a potion of curing {unknown}
Books
 b - a book of Flames

   Spells                             Type                      Level
   a - Flame Tongue                   Conjuration/Fire             1
   b - Throw Flame                    Conjuration/Fire             2
   c - Conjure Flame                  Conjuration/Fire             3
   d - Inner Flame                    Hexes/Fire                   3
   e - Sticky Flame                   Conjuration/Fire             4
   f - Fireball                       Conjuration/Fire             5
Comestibles
 c - a bread ration
 f - 4 fruits
 j - a beef jerky
 l - a chunk of flesh
 m - a royal jelly


   Skills:
 - Level 2.1 Dodging
 - Level 2.0 Stealth
 - Level 2.0 Spellcasting
 - Level 1.3 Conjurations
 + Level 6.0 Fire Magic


You had 2 spell levels left.
You knew the following spells:

 Your Spells              Type           Power        Failure   Level  Hunger
a - Flame Tongue          Conj/Fire      ##...        6%          1    #......
b - Throw Flame           Conj/Fire      ##....       10%         2    ###....
c - Conjure Flame         Conj/Fire      ##......     14%         3    ###....


Dungeon Overview and Level Annotations

Branches:
Dungeon (4/15)
 Temple: D:4-7

Altars:
Elyvilon


Innate Abilities, Weirdness & Mutations

You have a beak for a mouth.
You have claws for feet.
You can fly.


Message History

The gnoll hits you but does no damage.
The giant gecko skeleton bites you but does no damage.
The gnoll hits you from afar with a spear.
The giant gecko skeleton bites you.
* * * LOW HITPOINT WARNING * * *
The gnoll misses you.
There is a stone staircase leading up here.
The gnoll hits you.
* * * LOW HITPOINT WARNING * * *
The gnoll hits you from afar with a spear.
* * * LOW HITPOINT WARNING * * *
You climb upwards.
There is a stone staircase leading down here.
Unknown command.
Unknown command.
Unknown command.
Drink which item? (? for menu, Esc to quit)
Okay, then.
The gnoll hits you.
You die...

####'#.....#.# #..
#......###.#.# #..
#......'.#.#.# ##### #..
#......#.#.#.# #.#<## #..
#......+...#.# #....###..
#......#.###.# #.#....').
#......#.#<#.# ###.###.##..
#......#.#.#.# #.......####
###......#.#.#@# #...#####
#.'......#.#.#g#####......#####
#.#......#.#.#>...........+....
#.####'###.#.#..#######...#####
#.# ##'###'#.(..##........#####
##.###..........................
#....'...........#(.###....#####
###.##.......####.....#....#
#.............+.....#....#


You could see a gnoll.

Vanquished Creatures
  A gnoll (D:4)
  3 adders (D:2)
  An ooze (D:1)
  A worm (D:2)
  5 giant geckos
  6 orcs (D:3)
  5 bats
  3 giant cockroaches
  4 hobgoblins
  7 jackals (D:2)
  A quokka (D:3)
  2 ball pythons
  6 giant newts
  5 goblins
  7 kobolds
  7 rats
64 creatures vanquished.

Notes
Turn   | Place    | Note
--------------------------------------------------------------
     0 | D:1      | kae the Tengu Fire Elementalist began the quest for the Orb.
     0 | D:1      | Reached XP level 1. HP: 10/10 MP: 4/4
   823 | D:1      | Reached XP level 2. HP: 9/15 MP: 3/6
   893 | D:1      | Reached skill level 4 in Fire Magic
  1555 | D:1      | Reached XP level 3. HP: 11/19 MP: 7/7
  2241 | D:2      | Learned a level 2 spell: Throw Flame
  2245 | D:2      | Learned a level 3 spell: Conjure Flame
  2360 | D:2      | Reached skill level 5 in Fire Magic
  2521 | D:2      | Reached XP level 4. HP: 17/24 MP: 0/8
  3353 | D:3      | Found a white marble altar of Elyvilon.
  3996 | D:4      | Reached skill level 6 in Fire Magic
  3996 | D:4      | Gained mutation: You can fly. [Tengu growth]
  3996 | D:4      | Reached XP level 5. HP: 26/28 MP: 6/9
  4012 | D:3      | Slain by a gnoll

Vault maps used:
D:1:      ncdulo_watergridlock, minmay_misc_feat_iff, serial_bayou_pond_a,
          minmay_misc_feat_ornament
D:2:      nrook_loot_triangle
D:3:      old_standard_altar
D:4:      minmay_temple_entry_overgrown, first_bread, st_stairs_3, uniq_menkaure

Action                   |  1- 3 |  4- 6 || total
-------------------------+-------+-------++-------
Melee: Short sword       |    63 |    37 ||   100
       Unarmed           |     7 |       ||     7
       Flail             |       |     2 ||     2
 Cast: Flame Tongue      |    44 |    20 ||    64
       Throw Flame       |     1 |     2 ||     3
  Use: Scroll            |       |     8 ||     8
       Potion            |       |     3 ||     3
 Stab: Sleeping          |     2 |     4 ||     6
  Eat: Chunk             |     6 |     5 ||    11
